cohdb
Replays
Latest Replays
All Replays
Popular Replays
Top Player Replays
Match Explorer
How It Works
Community
CoH3 Stats
Reddit
Sign in to upload your games and track your stats! →
Sign in with Steam
Match 37467065
Unlisted
Match 37467065
Overview
Messages
Build Orders
End
Kradschützen Motorcycle Team
Selects Italian Combined Arms Battlegroup
Selects Bersaglieri Squad
Bersaglieri Squad
Bersaglieri Squad
Construct Light Support Kompanie
250 Light Carrier
Combat Half-tracks
Selects Bersaglieri Bolster
Fire Support Elements
Bersaglieri Squad
Pak 38 Anti-tank Gun Team
Construct Panzerarmee Kommand
Selects Breda Model 30 Light Machine Guns
Armored Reserves
TheWolf
MR.DOGO-YT
Koldit
Derlis
TidaL
K9 VIDAR
LordPavaz
厚礼蟹
0
0
Comments
sign in to comment!
No comments posted yet!